 Dungeon Crawl Stone Soup version 0.26.0-10-g1f06aea511 (webtiles) character file.

Game seed: 12179703164010587825

209 Borgoz the Slasher (level 5, 0/45 HPs)
             Began as a Ghoul Gladiator on Jan 30, 2021.
             Slain by an ice beast (5 damage)
             ... on level 5 of the Dungeon.
             The game lasted 00:03:09 (2021 turns).

Borgoz the Slasher (Ghoul Gladiator)                Turns: 2021, Time: 00:03:10

Health: 0/45       AC:  4    Str: 18    XL:     5   Next: 87%
Magic:  13/13      EV: 12    Int:  3    God:
Gold:   120        SH:  0    Dex: 11    Spells: 4/4 levels left

rFire    . . .     SeeInvis .   b - +2 dagger (venom)
rCold    + . .     Faith    .   (no shield)
rNeg     + + +     Spirit   .   e - +0 leather armour
rPois    ∞         Reflect  .   c - +0 helmet
rElec    .         Harm     .   (no cloak)
rCorr    .         Rampage  .   (no gloves)
Will     .....                  (no boots)
Stlth    +.........             (no amulet)
HPRegen  0.00/turn              m - ring of magical power
MPRegen  0.13/turn              (no ring)

@: no status effects
A: claws 1, cold resistance 1, negative energy resistance 3, inhibited
regeneration, torment resistance, unbreathing
a: no special abilities


You were on level 5 of the Dungeon.
You visited 1 branch of the dungeon, and saw 5 of its levels.

You collected 120 gold pieces.

Inventory:

Hand Weapons
 a - a +0 long sword
 b - a +2 dagger of venom (weapon)
Armour
 c - a +0 helmet (worn)
 e - a +0 leather armour (worn)
Jewellery
 m - a ring of magical power (left claw)
Scrolls
 f - a scroll of enchant weapon
 g - 2 scrolls of teleportation
 j - 2 scrolls of remove curse {unknown}
 k - a scroll of blinking {unknown}
 o - a scroll of immolation {unknown}
Potions
 i - a potion of might


   Skills:
 + Level 3.3 Fighting
 * Level 3.9 Long Blades
 - Level 1.7 Throwing
 * Level 2.7 Armour
 + Level 3.3 Dodging


You had 4 spell levels left.
You didn't know any spells.
Your spell library was empty.

Dungeon Overview and Level Annotations

Branches:
Dungeon (6/15)
 Temple: D:4-7

Altars:
Xom


Innate Abilities, Weirdness & Mutations

You thrive by killing the living.
You are immune to poison.
You have sharp fingernails.
Your flesh is cold resistant. (rC+)
You are immune to negative energy. (rN+++)
You do not regenerate when monsters are visible.
You are immune to unholy pain and torment.
You can survive without breathing.


Message History

The ice beast freezes you. You resist.
* * * LOW HITPOINT WARNING * * *
It was a potion of magic.
Magic courses through your body.
The ice beast hits you but does no damage.
It was a potion of berserk rage.
You cannot raise a blood rage in your lifeless body.
The ice beast barely misses you.
Throw: throwing net
Press: ? - help, Q - select action Shift-Dir - straight line, f/p - ice beast
Aim: an ice beast (almost dead)
You throw a throwing net.
The throwing net closely misses the ice beast.
The throwing net hits the orc.
The orc is caught in the net!
The ice beast barely misses you.
The orc struggles against the net.
You hit the ice beast.
The ice beast is poisoned.
The ice beast is almost dead.
The orc struggles against the net.
The ice beast hits you.
* * * LOW HITPOINT WARNING * * *
The ice beast freezes you. You resist.
You die...

#################
#.......!........
...####.#..............
.......>#..............
............o..........
#######.#..########....
........oY@....# ###
####.#########.# ....
...... ##.... ...


You could see an ice beast (very poisoned) and an orc (caught).

Vanquished Creatures
  Jessica (D:2)
  Natasha (thrice) (D:2)
  3 gnolls
  3 adders (D:2)
  A worm (D:2)
  A dart slug (D:1)
  2 leopard geckos
  4 orcs (D:3)
  4 bats (D:1)
  3 giant cockroaches
  5 goblins (D:1)
  5 hobgoblins
  3 kobolds
  4 frilled lizards
  3 rats
45 creatures vanquished.

Notes
Turn   | Place    | Note
-------+----------+-------------------------------------------
     0 | D:1      | Borgoz the Ghoul Gladiator began the quest for the Orb.
     0 | D:1      | Reached XP level 1. HP: 17/17 MP: 0/0
   119 | D:1      | Reached XP level 2. HP: 23/25 MP: 1/1
   263 | D:1      | Reached skill level 1 in Armour
   329 | D:1      | Reached XP level 3. HP: 30/30 MP: 2/2
   805 | D:2      | Reached XP level 4. HP: 31/37 MP: 3/3
   848 | D:2      | Noticed Jessica
   856 | D:2      | Killed Jessica
  1253 | D:2      | Found a shimmering altar of Xom.
  1272 | D:2      | Reached XP level 5. HP: 42/45 MP: 4/4
  1337 | D:2      | Noticed Natasha
  1344 | D:2      | Killed Natasha
  1534 | D:2      | Noticed Natasha
  1545 | D:2      | Killed Natasha
  1857 | D:2      | Noticed Natasha
  1881 | D:2      | Killed Natasha
  1971 | D:3      | You fall into a shaft and drop 3 floors!
  1978 | D:5      | Entered Level 5 of the Dungeon
  1984 | D:5      | Noticed an ice beast
  2021 | D:5      | Slain by an ice beast

Illustrated notes

Levels and vault maps discovered:
D:1:      mrwooster_arrival_statue_2, layout_loops_ring, serial_forest,
          infiniplex_forest_lined_3_way, infiniplex_forest_lined_2,
          infiniplex_forest_clump_tiny, infiniplex_forest_clump_C,
          infiniplex_forest_straight_2, infiniplex_forest_clump_tiny,
          infiniplex_forest_clump_small, grunt_decor_arrowhead
D:2:      layout_basic, xom_butterflies, serial_aquarium, aquarium_bridge_square
          [aquarium_subvault_wall, aquarium_subvault_window,
          aquarium_subvault_bridge, aquarium_subvault_wall],
          aquarium_window_fake, aquarium_window_fake, aquarium_view_2c,
          aquarium_view_2c, aquarium_balcony_double_4, uniq_jessica,
          uniq_natasha
D:3:      layout_basic, lemuel_blue_sif_altar, ebering_ghost_gozag
D:5:      kennysheep_big_flooded_room, layout_basic, uniq_prince_ribbit1
D:6:      layout_cave_pods, kennysheep_mini, chequers_serial_rivers_micro_a,
          kb_rosetta, uniq_blork_the_orc

Skill      XL: |  1  2  3  4 |
---------------+-------------+-----
Long Blades    | 3 |  3.9
Armour         | 1 2 |  2.7
Dodging        | 3 |  3.3
Fighting       | 3 |  3.3
Throwing       | |  1.7

Action                   |  1- 3 |  4- 6 || total
-------------------------+-------+-------++-------
Melee: Dagger            |    66 |   116 ||   182
       Long sword        |     5 |       ||     5
Throw: Throwing net      |       |     3 ||     3
  Use: Scroll            |       |     4 ||     4
       Potion            |       |     3 ||     3
Armor: Leather armour    |    24 |    15 ||    39
Dodge: Dodged            |    65 |    69 ||   134
